 Dungeon Crawl Stone Soup version 0.27-a0-346-ga689d4a613 (webtiles) character file.

Game seed: 7147854819786824593

62 dickylongcocking the Scratcher (level 3, 0/17 HPs)
             Began as a Felid Monk on Feb 15, 2021.
             Slain by an orc
             ... wielding a +0 whip
              (5 damage)
             ... on level 4 of the Dungeon.
             The game lasted 00:01:06 (1969 turns).

dickylongcocking the Scratcher (Felid Monk)         Turns: 1969, Time: 00:01:07

Health: 0/17       AC:  1    Str:  5 (7)  XL:     3   Next: 85%
Magic:  4/4        EV: 19    Int: 10 (12) God:
Gold:   30         SH:  0    Dex: 17 (18) Spells: 2/2 levels left
                                        Lives:  0   Deaths: 0

rFire    . . .     SeeInvis +     - Unarmed
rCold    . . .     Faith    .   (shield unavailable)
rNeg     . . .     Spirit   .   (armour unavailable)
rPois    .         Reflect  .   (helmet unavailable)
rElec    .         Harm     .   (cloak unavailable)
rCorr    .         Rampage  .   (gloves unavailable)
Will     .....                  (boots unavailable)
Stlth    +++.......             (no amulet)
HPRegen  0.05/turn              (no ring)
MPRegen  0.09/turn              (no ring)

@: quick
A: very small, no armour, no weapons or thrown items, stealth, claws 1, fangs 3,
see invisible, speed 1, shaggy fur 1, sharp paws
a: no special abilities


You were on level 4 of the Dungeon.
You visited 1 branch of the dungeon, and saw 3 of its levels.

You collected 30 gold pieces.

Inventory:

Scrolls
 b - a scroll of immolation {unknown}
 c - 3 scrolls of identify {unknown}
 d - a scroll of amnesia {unknown}
 e - a scroll of enchant weapon {unknown}
 g - a scroll of magic mapping {unknown}
 h - a scroll of fear {unknown}
 i - a scroll of teleportation {unknown}
 j - a scroll of enchant armour {unknown}
Potions
 a - a potion of mutation {unknown}


   Skills:
 - Level 3.0 Fighting
 - Level 4.0 Dodging
 - Level 2.6 Stealth
 * Level 4.8 Unarmed Combat


You had 2 spell levels left.
You didn't know any spells.
Your spell library was empty.

Dungeon Overview and Level Annotations

Branches:
Dungeon (2/15)

Altars:


Innate Abilities, Weirdness & Mutations

You cannot wear armour.
You are incapable of wielding weapons or throwing items.
Your paws allow you to move quietly. (Stealth)
You have sharp claws.
You have razor-sharp teeth.
You have supernaturally acute eyesight. (SInv)
You cover ground quickly.
You are covered in fur. (AC +1)
Your sharp claws are effective at attacking unaware monsters.


Message History

Found an escape hatch in the floor.
No target in view!
Found a ring mail.
No target in view!
There is an escape hatch in the floor here.
You see here a ring mail.
An orc comes into view. It is wielding a +0 whip.
Found 20 stones.
An orc is nearby!
A giant cockroach comes into view.
An orc comes into view. It is wielding a +0 short sword.
An orc wizard comes into view. It is wielding a +0 dagger.
There are monsters nearby!
Found a stone staircase leading down.
There are monsters nearby!
The orc shouts!
Found 7 gold pieces.
The orc shouts!
You claw the orc!
You kill the orc!
You scratch the orc wizard but do no damage.
The orc closely misses you. The giant cockroach bites you.
The orc wizard points at you and mumbles some strange words.
The puff of flame misses you.
The puff of flame hits the giant cockroach!
The giant cockroach dies!
You see here a +0 short sword.
You scratch the orc wizard but do no damage.
The orc hits you with a +0 whip!
You closely miss the orc wizard.
You bite the orc wizard, but do no damage.
The orc wizard hits you with a +0 dagger.
* * * LOW HITPOINT WARNING * * *
The orc closely misses you.
Unknown command.
It was a potion of degeneration.
There was something very wrong with that liquid.
You feel weakened.
You feel dopey.
You feel clumsy. The orc wizard misses you. The orc hits you with a +0 whip.
You die...

##...$......
##.........>.. #
##............. ##.
#..........(... #..#
#............. #...#
#.............
.....###............
#..o##...........
#.@o...........
###†...........
###..........
#..........
#..##...... #.##
#....# #.# #.###
....# #.#### ##
...#.. ##....####


You could see an orc wizard and an orc.

Vanquished Creatures
  An iguana (D:4)
  A leopard gecko (D:1)
  6 orcs (D:4)
  A giant cockroach (D:1)
  2 goblins
  5 hobgoblins (D:1)
  A ball python (D:1)
  2 bats (D:1)
  A frilled lizard (D:1)
  5 kobolds (D:1)
  4 rats
29 creatures vanquished.

Vanquished Creatures (others)
  A giant cockroach (D:4)
1 creature vanquished.

Grand Total: 30 creatures vanquished

Notes
Turn   | Place    | Note
-------+----------+-------------------------------------------
     0 | D:1      | dickylongcocking the Felid Monk began the quest for the
                  | Orb.
     0 | D:1      | Reached XP level 1. HP: 10/10 MP: 2/2
   314 | D:1      | Reached XP level 2. HP: 6/14 MP: 3/3
  1732 | D:2      | You fall into a shaft and drop 2 floors!
  1754 | D:4      | Reached XP level 3. HP: 17/17 MP: 4/4
  1969 | D:4      | Slain by an orc

Illustrated notes

Levels and vault maps discovered:
D:1:      dpeg_arrival_brainrot, layout_basic
D:2:      layout_basic, gammafunk_temple_overflow_forgotten,
          lightli_temple_of_fire
D:4:      layout_cave_pods, serial_shops, shop_statue, uniq_duvessa

Skill      XL: |  1  2 |
---------------+-------+-----
Unarmed Combat | 4 |  4.8
Fighting       | |  3.0
Dodging        | |  4.0
Stealth        | |  2.6

Action                   || total
-------------------------++-------
Melee: Unarmed           ||    75
       Bite              ||     5
  Use: Potion            ||     1
 Stab: Sleeping          ||     8
Armor: Skin              ||     1
Dodge: Dodged            ||    53

Table legend: (Time is in decaauts)
 A = Elapsed time spent in this place.
 B = Non-inter-level travel time spent in this place.
 C = Inter-level travel time spent in this place.
 D = Time resting spent in this place.
 E = Time spent auto-exploring this place.
 F = Levels seen in this place.
 G = Mean time per level.
                   A        B        C        D        E       F      G
               +--------+--------+--------+--------+--------+-----+--------+
         Total |   1776 |   1736 |     40 |    498 |   1021 |   3 |  592.0 |
       Dungeon |   1776 |   1736 |     40 |    498 |   1021 |   3 |  592.0 |
               +--------+--------+--------+--------+--------+-----+--------+

Top non-repeatable levels by time:
     D:1: 1297 daAuts
     D:2: 276 daAuts
     D:4: 202 daAuts
